Unix NetHack Version 5.0.0-0 post-release - last build Jun 10 2026 00:39:30 (3ee93aec679c4c4259841fe613dc97188e26a321,branch:main).

Game began 2026-06-18 11:05:21, ended 2026-06-18 11:45:15.

FutureTim, lawful female human Valkyrie

         ----              ----            -------                -------
         |..----           |..|            |...^.-- ---          --..|..----
   ---   |.....#-          |..---------    |..--..|--.--        --.........|
 ---.--- --.|....#         |....<....(|    --)|--.||[..--       |..0.......--
--.....|  ----...#*   ------%-------..|    --)| |.--)...|       |-..........|
|......|    --...#### |......|     |.--   --..| |.....).|  ---- |.).%.......|
|......|  ---.......#*|.###---     |.|    |..-- ------.-|  |..---.|.----....---
|....------.........#-#.##*#       |.--   |.--       |(.-- |......|--  --.....|
|.----  |............--.| # #      |..-----.|      ---...| |......--   --.....|
|.|     |..---..........|.-#..     |....-|..|     --.....| |.......|   |.....--
|.--    ---- ---....----.. . .     ----..|.--     |......---.......| ---.....|
|..------------......   #.   .        --.|)|      --.....*.........| |....---
|............*..--...--                |.|.|      --..--..........-- |...--
--------..--....--....---..            |...|      |..-||.......>..|  --..|
       --------.......D....            ---.|      |...--..........-- --.--
              ----...@....               ---      --...............--|..|
                 ---...--                          |................||*--
                   --..|                           ---...---....--.-----
                    |..|                             ----- ---..|---
                    ----                                     ----

FutureTim the Fighter       St:18/01 Dx:11 Co:17 In:9 Wi:10 Ch:10  Lawful
Dlvl:9  $:28 HP:0(80) Pw:34(34) AC:4  Xp:8 T:4633 

Latest messages:
 The gold dragon breathes fire!
 The blast of fire hits you!
 Your gloves smoulder!
 The blast of fire bounces!
 The blast of fire hits you!
 Your candle catches light!
 You miss the gold dragon.
 The gold dragon bites!
 The gold dragon hits!
 The gold dragon hits again!
 Are you sure you want to pray? [yn] (n) y
 You begin praying to Tyr.
 You are surrounded by a shimmering light.
 The gold dragon starts to attack you, but pulls back.
 You finish your prayer.
 You feel that Tyr is well-pleased.
 You feel much better.
 What do you want to wield? [- bmwS or ?*] w
 You are already wielding that!
 You hit the gold dragon!
 The gold dragon bites!
 The gold dragon hits!
 The gold dragon hits again!
 You hit the gold dragon!
 You hit the gold dragon!
 The gold dragon bites!
 The gold dragon hits!
 The gold dragon hits again!
 You hit the gold dragon!
 The gold dragon bites!
 The gold dragon hits!
 The gold dragon hits again!
 The gold dragon knocks you backward with a powerful blow!
 Ouch!
 You hit the gold dragon!
 You hit the gold dragon!
 The gold dragon bites!
 The gold dragon hits!
 The gold dragon hits again!
 You miss the gold dragon.
 You miss the gold dragon.
 You miss the gold dragon.
 The gold dragon bites!
 The gold dragon hits!
 You die...
 Do you want your possessions identified? [ynq] (y) y
 Do you want to see your attributes? [ynq] (y) y
 Do you want an account of creatures vanquished? [ynaq] (y) y
 Do you want to see your conduct and achievements? [ynq] (y) y
 Do you want to see the dungeon overview? [ynq] (y) y

Inventory:
 Coins    ('$')
  $ - 28 gold pieces
 Weapons  (')')
  b - a +0 dagger (alternate weapon; not wielded)
  w - a rustproof +2 spear (weapon in right hand)
  m - a blessed +2 long sword
 Armor    ('[')
  u - an uncursed burnt +0 pair of leather gloves (being worn)
  R - an uncursed +0 dwarvish mithril-coat (being worn)
 Comestibles  ('%')
  L - an uncursed food ration
  z - an uncursed tripe ration
  N - an uncursed rotten tin of iguana meat
  Y - an uncursed tin of szechuan yeti meat
 Scrolls  ('?')
  i - 4 uncursed scrolls of blank paper
  q - 3 uncursed scrolls of identify
  B - an uncursed scroll of light
 Spellbooks  ('+')
  h - an uncursed spellbook of force bolt
 Potions  ('!')
  x - 2 uncursed potions of healing
  y - an uncursed potion of restore ability
 Rings    ('=')
  I - an uncursed ring of polymorph control
 Wands    ('/')
  W - a wand of digging (0:5)
  c - a wand of fire (0:6)
  f - a wand of light (0:15)
 Tools    ('(')
  g - an empty uncursed bag of holding
  O - a bag of tricks (0:2)
  n - an uncursed brass lantern
  J - an uncursed brass lantern
  j - an uncursed leash
  s - an uncursed lock pick
  E - a magic marker (0:42)
  l - an uncursed oil lamp (lit)
  k - an uncursed skeleton key
  U - an uncursed stethoscope
  M - an uncursed partly used tallow candle (lit)
  S - a +0 unicorn horn

FutureTim the Valkyrie's attributes:

Background:
 You were a Fighter, a level 8 human Valkyrie.
 You were lawful, on a mission for Tyr
 who was opposed by Odin (neutral) and Loki (chaotic).
 You were right-handed.
 You were in the Gnomish Mines, on level 9.
 You entered the dungeon 4633 turns ago.
 You had 1707 experience points, 853 more were needed to attain level 9.

Basics:
 You had 0 out of 80 hit points.
 You had all 34 energy points (spell power).
 Your armor class was 4.
 Your wallet contained 28 zorkmids.
 Autopickup was off.

Final Characteristics:
 Your strength was 18/01 (limit:18/100).
 Your dexterity was 11 (limit:18).
 Your constitution was 17 (peak:18, limit:18).
 Your intelligence was 9 (limit:18).
 Your wisdom was 10 (limit:18).
 Your charisma was 10 (limit:18).

Final Status:
 You weren't hungry.
 You were unencumbered.
 You were wielding a spear.
 You were skilled in spear.

Final Attributes:
 You were piously aligned.
 You were cold resistant.
 You were sleep resistant.
 You were stealthy.
 You were guarded.
 Your spell casting was impaired by metallic armor.
 You were fast.
 You are dead.

Miscellaneous:
 You didn't encounter any bones levels.
 Total elapsed playing time was 39 minutes and 53 seconds.

Major events:
 Turn
    1: FutureTim the lawful human Valkyrie entered the dungeon
 1134: attained the rank of Skirmisher (level 3)
 1915: entered the Gnomish Mines
 2805: attained the rank of Fighter (level 6)
 3340: reached Mine Town
 4633: killed by a gold dragon

Spells:
 Name                 Level Category     Fail Retention
 force bolt             1   attack       100%  76%-100%

Skills:
 Fighting Skills
   bare handed combat [Unskilled]
   two weapon combat  [Unskilled]
   riding             [Unskilled]
 Weapon Skills
   dagger             [Basic]
   axe                [Unskilled]
   pick-axe           [Unskilled]
   short sword        [Unskilled]
   broadsword         [Unskilled]
   long sword         [Unskilled]
   two-handed sword   [Unskilled]
   saber              [Unskilled]
   hammer             [Unskilled]
   quarterstaff       [Unskilled]
   polearms           [Unskilled]
   spear              [Skilled]
   trident            [Unskilled]
   lance              [Unskilled]
   sling              [Unskilled]
 Spellcasting Skills
   attack spells      [Unskilled]
   escape spells      [Unskilled]

Voluntary challenges:
 Character rerolling was not enabled.
 You never genocided any monsters.
 You never polymorphed an object.
 You never changed form.
 You used no wishes.
Achievements:
 You entered a shop.
 You attained the rank of Skirmisher.
 You entered the Gnomish Mines.
 You attained the rank of Fighter.
 You entered Minetown.
 You entered a temple.

 The Dungeons of Doom: levels 1 to 4
    Level 1:
       A fountain.
    Level 2:
       A scroll shop.
    Level 3:
    Level 4:
       Some fountains, many trees.
       Stairs down to The Gnomish Mines.
 The Gnomish Mines: levels 5 to 9
    Level 5:
    Level 6:
    Level 7:
    Level 8:
       Many shops, a temple and an altar, many fountains.
    Level 9: <- You were here.
       Final resting place for
          you, killed by a gold dragon.


Vanquished creatures:
  2 small mimics
  a Grey-elf
  a giant beetle
  a quivering blob
  a dwarf leader
  a gray unicorn
  a Woodland-elf
  a wood nymph
  a rock mole
  2 ponies
  9 gnome leaders
  5 gnomish wizards
  3 gray oozes
  a barrow wight
  a ghoul
  a paper golem
  2 giant ants
  2 floating eyes
  5 dwarves
  a rothe
  a monkey
 an iguana
 an acid blob
  a coyote
  2 gas spores
  a hobbit
  a giant rat
  2 brown molds
  a green mold
  a red mold
 38 gnomes
  5 garter snakes
  2 gnome zombies
  3 geckos
  8 jackals
  2 kobolds
  a goblin
  a sewer rat
  9 grid bugs
  2 lichens
  3 kobold zombies
  7 newts
135 creatures vanquished.

No species were genocided or became extinct.

Game over:
                       ----------
                      /          \
                     /    REST    \
                    /      IN      \
                   /     PEACE      \
                  /                  \
                  |    FutureTim     |
                  |      28 Au       |
                  | killed by a gold |
                  |      dragon      |
                  |                  |
                  |                  |
                  |       2026       |
                 *|     *  *  *      | *
        _________)/\\_//(\/(/\)/\//\/|_)_______

Farvel FutureTim the Valkyrie...

You died in The Gnomish Mines on dungeon level 9 with 5048 points,
and 28 pieces of gold, after 4633 moves.
You were level 8 with a maximum of 80 hit points when you died.

